TOP OF THE 1ST |
Charlotte Knights batting - Pitching for Mississippi Braves : RHP Bryce Elder
|
Pitching: RHP Bryce Elder
|
|
Batting: RHB Casey Schmitt
|
0-0: Ball 1-0: SINGLE (Groundball, 4D, EV 103.8 MPH)
|
Batting: RHB Bryan Ramos
|
0-0: Called Strike 0-1: Swinging Strike 0-2: Strikes out looking
|
Batting: RHB Lenyn Sosa
|
0-0: Called Strike 0-1: Called Strike 0-2: Strikes out swinging
|
Batting: RHB Yoelqui Cespedes
|
0-0: Ball 1-0: Fly out, F9 (Flyball, 9, EV 76.9 MPH)
|
Top of the 1st over - 0 runs, 1 hit, 0 errors, 1 left on base; Charlotte 0 - Mississippi 0 |
BOTTOM OF THE 1ST |
Mississippi Braves batting - Pitching for Charlotte Knights : LHP Ricardo Sanchez
|
Pitching: LHP Ricardo Sanchez
|
|
Batting: LHB Braden Shewmake
|
0-0: Fly out, F7 (Flyball, 7, EV 95.6 MPH)
|
Batting: LHB Luke Waddell
|
0-0: Ball 1-0: Foul Ball, location: 2F 1-1: Ball 2-1: Fly out, F7 (Flyball, 7, EV 85.6 MPH)
|
Batting: RHB Kevin Pillar
|
0-0: Ball 1-0: Ball 2-0: Called Strike 2-1: Ground out 5-3 (Groundball, 56, EV 104.4 MPH)
|
Bottom of the 1st over - 0 runs, 0 hits, 0 errors, 0 left on base; Charlotte 0 - Mississippi 0 |
TOP OF THE 2ND |
Charlotte Knights batting - Pitching for Mississippi Braves : RHP Bryce Elder
|
Batting: LHB Adam Haseley
|
0-0: Reached on error, E3 (Groundball, 3, EV 90.0 MPH)
|
Batting: LHB Chris Shaw
|
0-0: Called Strike 0-1: Ball 1-1: Swinging Strike 1-2: Strikes out swinging
|
Batting: RHB Osiris Johnson
|
0-0: Ball 1-0: Ball 2-0: Ball 3-0: Base on Balls Adam Haseley to second
|
Batting: RHB Xavier Fernandez
|
0-0: Swinging Strike 0-1: Swinging Strike 0-2: Ball 1-2: Foul Ball, location: 2F 1-2: Strikes out swinging
|
Batting: RHB Erik González
|
0-0: Foul Ball, location: 3SF 0-1: SINGLE (Groundball, 4D, EV 95.0 MPH) Adam Haseley to third Osiris Johnson to second Runner from 3rd tries for Home, SAFE, throw by CF to home
|
Batting: RHB Casey Schmitt
|
0-0: Ball 1-0: Ball 2-0: SINGLE (Groundball, 6MD, EV 103.8 MPH) Osiris Johnson to third Erik González to second Runner from 3rd tries for Home, throw by CF and OUT! 8-2
|
Top of the 2nd over - 1 run, 2 hits, 1 error, 2 left on base; Charlotte 1 - Mississippi 0 |
BOTTOM OF THE 2ND |
Mississippi Braves batting - Pitching for Charlotte Knights : LHP Ricardo Sanchez
|
Batting: LHB Jesse Franklin V
|
0-0: Called Strike 0-1: Foul Ball, location: 2F 0-2: Ball 1-2: Strikes out swinging
|
Batting: LHB Magneuris Sierra
|
0-0: Called Strike 0-1: Ground out 6-3 (Groundball, 6, EV 80.6 MPH)
|
Batting: SHB David McCabe
|
0-0: Foul Ball, location: 5F 0-1: Ball 1-1: Ball 2-1: Ground out 5-3 (Groundball, 56, EV 98.8 MPH)
|
Bottom of the 2nd over - 0 runs, 0 hits, 0 errors, 0 left on base; Charlotte 1 - Mississippi 0 |
TOP OF THE 3RD |
Charlotte Knights batting - Pitching for Mississippi Braves : RHP Bryce Elder
|
Batting: RHB Bryan Ramos
|
0-0: Foul Ball, location: 9LSF 0-1: Ball 1-1: Foul Ball, location: 2F 1-2: Ball 2-2: Foul Ball, location: 2F 2-2: Foul Ball, location: 7LSF 2-2: SOLO HOME RUN (Flyball, 7D, EV 98.1 MPH), Distance : 373 ft
|
Batting: RHB Lenyn Sosa
|
0-0: Ball 1-0: Ground out 6-3 (Groundball, 6, EV 88.1 MPH)
|
Batting: RHB Yoelqui Cespedes
|
0-0: Ball 1-0: Ground out 6-3 (Groundball, 6M, EV 86.3 MPH)
|
Batting: LHB Adam Haseley
|
0-0: Called Strike 0-1: Ball 1-1: Called Strike 1-2: Foul Ball, location: 2F 1-2: Foul Ball, location: 7LDF 1-2: Ball 2-2: SINGLE (Groundball, 34D, EV 108.8 MPH)
|
Batting: LHB Chris Shaw
|
0-0: Ball 1-0: Called Strike 1-1: Swinging Strike 1-2: Strikes out swinging
|
Top of the 3rd over - 1 run, 2 hits, 0 errors, 1 left on base; Charlotte 2 - Mississippi 0 |
BOTTOM OF THE 3RD |
Mississippi Braves batting - Pitching for Charlotte Knights : LHP Ricardo Sanchez
|
Batting: LHB Justin Janas
|
0-0: Ball 1-0: Ball 2-0: Ball 3-0: Called Strike 3-1: Foul Ball, location: 5SF 3-2: Strikes out swinging
|
Batting: SHB Cal Conley
|
0-0: Ball 1-0: Ball 2-0: Ball 3-0: Swinging Strike 3-1: Foul Ball, location: 2F 3-2: Strikes out swinging
|
Batting: LHB Tyler Tolve
|
0-0: Called Strike 0-1: Ball 1-1: Foul Ball, location: 3F 1-2: Ground out 4-3 (Groundball, 4, EV 88.1 MPH)
|
Bottom of the 3rd over - 0 runs, 0 hits, 0 errors, 0 left on base; Charlotte 2 - Mississippi 0 |
TOP OF THE 4TH |
Charlotte Knights batting - Pitching for Mississippi Braves : RHP Bryce Elder
|
Batting: RHB Osiris Johnson
|
0-0: Ball 1-0: Called Strike 1-1: Ball 2-1: Called Strike 2-2: Foul Ball, location: 2LF 2-2: Fly out, F4 (Popup, 4D, EV 66.9 MPH)
|
Batting: RHB Xavier Fernandez
|
0-0: Called Strike 0-1: Called Strike 0-2: Ball 1-2: Reached via error on a dropped throw from 1B, E1 (Groundball, 34S, EV 68.1 MPH)
|
Batting: RHB Erik González
|
0-0: Ball 1-0: Ball 2-0: Ball 3-0: Base on Balls Xavier Fernandez to second
|
Batting: RHB Casey Schmitt
|
0-0: Called Strike 0-1: Ball 1-1: Foul Ball, location: 5FF 1-2: Strikes out swinging
|
Batting: RHB Bryan Ramos
|
0-0: Ball 1-0: Foul Ball, location: 5F 1-1: Foul Ball, location: 9LDF 1-2: Foul Ball, location: 2RF 1-2: Strikes out swinging
|
Top of the 4th over - 0 runs, 0 hits, 1 error, 2 left on base; Charlotte 2 - Mississippi 0 |
BOTTOM OF THE 4TH |
Mississippi Braves batting - Pitching for Charlotte Knights : LHP Ricardo Sanchez
|
Batting: LHB Braden Shewmake
|
0-0: Called Strike 0-1: Called Strike 0-2: Ball 1-2: Ground out 4-3 (Groundball, 4, EV 92.5 MPH)
|
Batting: LHB Luke Waddell
|
0-0: Foul Ball, location: 2F 0-1: Foul Ball, location: 2F 0-2: SOLO HOME RUN (Flyball, 7LD, EV 95.6 MPH), Distance : 353 ft
|
Batting: RHB Kevin Pillar
|
0-0: Called Strike 0-1: Swinging Strike 0-2: Ground out 6-3 (Groundball, 6, EV 79.4 MPH)
|
Batting: LHB Jesse Franklin V
|
0-0: Ball 1-0: Called Strike 1-1: Swinging Strike 1-2: Ground out U3 (Groundball, 34, EV 103.8 MPH)
|
Bottom of the 4th over - 1 run, 1 hit, 0 errors, 0 left on base; Charlotte 2 - Mississippi 1 |
TOP OF THE 5TH |
Charlotte Knights batting - Pitching for Mississippi Braves : RHP Bryce Elder
|
Batting: RHB Lenyn Sosa
|
0-0: Ball 1-0: Ball 2-0: Fly out, F8 (Flyball, 78D, EV 105.0 MPH)
|
Batting: RHB Yoelqui Cespedes
|
0-0: Ball 1-0: Fly out, F8 (Flyball, 8LD, EV 105.6 MPH)
|
Batting: LHB Adam Haseley
|
0-0: Foul Ball, location: 3F, Error on foul ball, E3 0-1: Ball 1-1: Foul Ball, location: 3DF 1-2: Foul Ball, location: 9LSF 1-2: Ball 2-2: SINGLE (Line Drive, 3D, EV 95.0 MPH)
|
Batting: LHB Chris Shaw
|
0-0: Ball 1-0: Called Strike Adam Haseley steals 2nd base 1-1: Ball 2-1: Ball 3-1: Base on Balls
|
Batting: RHB Osiris Johnson
|
0-0: Ball 1-0: Ground out 3-1 (Groundball, 34S, EV 71.3 MPH)
|
Top of the 5th over - 0 runs, 1 hit, 1 error, 2 left on base; Charlotte 2 - Mississippi 1 |
BOTTOM OF THE 5TH |
Mississippi Braves batting - Pitching for Charlotte Knights : LHP Ricardo Sanchez
|
Batting: LHB Magneuris Sierra
|
0-0: Called Strike 0-1: Bunt missed! 0-2: Foul Ball, location: 25F 0-2: Strikes out swinging
|
Batting: SHB David McCabe
|
0-0: Ball 1-0: Swinging Strike 1-1: Ball 2-1: SINGLE (Groundball, 34S, EV 63.1 MPH) (infield hit)
|
Batting: LHB Justin Janas
|
0-0: Foul Ball, location: 9LMF 0-1: Ball 1-1: Ball 2-1: Grounds into double play, 4-6-3 (Groundball, 4, EV 91.3 MPH)
|
Bottom of the 5th over - 0 runs, 1 hit, 0 errors, 0 left on base; Charlotte 2 - Mississippi 1 |
TOP OF THE 6TH |
Charlotte Knights batting - Pitching for Mississippi Braves : RHP Bryce Elder
|
Batting: RHB Xavier Fernandez
|
0-0: Ball 1-0: Called Strike 1-1: Foul Ball, location: 25F 1-2: Ball 2-2: Ball 3-2: Reached on error, E6 (Groundball, 6, EV 82.5 MPH)
|
Batting: RHB Erik González
|
0-0: Sac Bunt to P - play at second, runner OUT! 1-6
|
Batting: RHB Casey Schmitt
|
0-0: Ball 1-0: Called Strike 1-1: Foul Ball, location: 3F 1-2: 2-RUN HOME RUN (Flyball, 78XD, EV 98.1 MPH), Distance : 394 ft
|
Batting: RHB Bryan Ramos
|
0-0: Ball 1-0: Swinging Strike 1-1: Called Strike 1-2: Fly out, F8 (Flyball, 8RM, EV 95.0 MPH)
|
Batting: RHB Lenyn Sosa
|
0-0: Ball 1-0: Called Strike 1-1: Ball 2-1: Foul Ball, location: 5FF 2-2: Strikes out swinging
|
Top of the 6th over - 2 runs, 1 hit, 1 error, 0 left on base; Charlotte 4 - Mississippi 1 |
BOTTOM OF THE 6TH |
Mississippi Braves batting - Pitching for Charlotte Knights : LHP Ricardo Sanchez
|
Batting: SHB Cal Conley
|
0-0: Fly out, F8 (Flyball, 8RD, EV 81.9 MPH)
|
Batting: LHB Tyler Tolve
|
0-0: SINGLE (Groundball, 4MD, EV 95.6 MPH)
|
Batting: LHB Braden Shewmake
|
0-0: Ball 1-0: Called Strike 1-1: Fielders Choice at 2nd, 6-4 (Groundball, 6, EV 98.8 MPH)
|
Batting: LHB Luke Waddell
|
0-0: Ground out 6-3 (Groundball, 6M, EV 98.1 MPH)
|
Bottom of the 6th over - 0 runs, 1 hit, 0 errors, 1 left on base; Charlotte 4 - Mississippi 1 |
TOP OF THE 7TH |
Charlotte Knights batting - Pitching for Mississippi Braves : RHP Bryce Elder
|
Pitching: RHP Matt Swarmer
|
|
Batting: RHB Yoelqui Cespedes
|
0-0: Ball 1-0: Called Strike 1-1: Called Strike 1-2: SINGLE (Line Drive, 78S, EV 109.4 MPH)
|
Batting: LHB Adam Haseley
|
0-0: Ball Yoelqui Cespedes steals 2nd base 1-0: Ball Wild Pitch! Yoelqui Cespedes to third 2-0: TRIPLE (Line Drive, 9LD, EV 96.9 MPH) Yoelqui Cespedes scores
|
Batting: LHB Chris Shaw
|
0-0: Foul Ball, location: 2LF 0-1: Ball 1-1: Ball 2-1: Ground out 4-3 (Groundball, 4, EV 81.9 MPH) Adam Haseley scores
|
Batting: RHB Osiris Johnson
|
0-0: Ball 1-0: Ball 2-0: Ball 3-0: Base on Balls
|
Batting: RHB Xavier Fernandez
|
0-0: Fly out, F7 (Line Drive, 7, EV 88.8 MPH)
|
Batting: RHB Erik González
|
0-0: Ball 1-0: Ball 2-0: Called Strike 2-1: Foul Ball, location: 2F 2-2: Strikes out swinging
|
Top of the 7th over - 2 runs, 2 hits, 0 errors, 1 left on base; Charlotte 6 - Mississippi 1 |
BOTTOM OF THE 7TH |
Mississippi Braves batting - Pitching for Charlotte Knights : LHP Ricardo Sanchez
|
Batting: RHB Kevin Pillar
|
0-0: Called Strike 0-1: SINGLE (Groundball, 34D, EV 102.5 MPH)
|
Batting: LHB Jesse Franklin V
|
0-0: Grounds into double play, 4-6-3 (Groundball, 4, EV 93.1 MPH)
|
Batting: LHB Magneuris Sierra
|
0-0: Swinging Strike 0-1: Ground out 6-3 (Groundball, 6, EV 110.0 MPH)
|
Bottom of the 7th over - 0 runs, 1 hit, 0 errors, 0 left on base; Charlotte 6 - Mississippi 1 |
TOP OF THE 8TH |
Charlotte Knights batting - Pitching for Mississippi Braves : RHP Matt Swarmer
|
Batting: RHB Casey Schmitt
|
0-0: Ball 1-0: Called Strike 1-1: Ball 2-1: SINGLE (Line Drive, 78S, EV 103.1 MPH)
|
Batting: RHB Bryan Ramos
|
0-0: Called Strike 0-1: Foul Ball, location: 3DF 0-2: Ball 1-2: Strikes out swinging
|
Batting: RHB Lenyn Sosa
|
0-0: Ball 1-0: Called Strike 1-1: Foul Ball, location: 2LF 1-2: Ball 2-2: Foul Ball, location: 9LSF 2-2: Ball 3-2: Strikes out looking
|
Batting: RHB Yoelqui Cespedes
|
0-0: Ball 1-0: Called Strike 1-1: Ground out 4-3 (Groundball, 4, EV 91.3 MPH)
|
Top of the 8th over - 0 runs, 1 hit, 0 errors, 1 left on base; Charlotte 6 - Mississippi 1 |
BOTTOM OF THE 8TH |
Mississippi Braves batting - Pitching for Charlotte Knights : LHP Ricardo Sanchez
|
Batting: SHB David McCabe
|
0-0: Called Strike 0-1: Ball 1-1: Ball 2-1: Called Strike 2-2: DOUBLE (Groundball, 5L, EV 101.3 MPH)
|
Batting: LHB Justin Janas
|
0-0: Foul Ball, location: 2LF 0-1: Ball 1-1: Foul Ball, location: 2F 1-2: Strikes out swinging
|
Batting: SHB Cal Conley
|
0-0: Ball 1-0: Ball 2-0: Swinging Strike 2-1: Foul Ball, location: 3F 2-2: Fly out, F8 (Flyball, 8RM, EV 85.0 MPH)
|
Batting: LHB Tyler Tolve
|
0-0: Ball 1-0: Called Strike 1-1: Foul Ball, location: 3SF 1-2: Ball 2-2: SINGLE (Groundball, 4MS, EV 73.8 MPH) (infield hit) David McCabe to third
|
Batting: LHB Braden Shewmake
|
0-0: Foul Ball, location: 2F 0-1: Ball 1-1: Reached on error, E1 (Groundball, 15S, EV 69.4 MPH) David McCabe scores Tyler Tolve to second
|
Batting: LHB Luke Waddell
|
0-0: Ball 1-0: Called Strike 1-1: Ground out 6-3 (Groundball, 6M, EV 105.0 MPH)
|
Bottom of the 8th over - 1 run, 2 hits, 1 error, 2 left on base; Charlotte 6 - Mississippi 2 |
TOP OF THE 9TH |
Charlotte Knights batting - Pitching for Mississippi Braves : RHP Matt Swarmer
|
Batting: LHB Adam Haseley
|
0-0: Foul Ball, location: 2F 0-1: Foul Ball, location: 5SF 0-2: Strikes out swinging
|
Batting: LHB Chris Shaw
|
0-0: Ball 1-0: Called Strike 1-1: Ball 2-1: Swinging Strike 2-2: Ball 3-2: Foul Ball, location: 3DF 3-2: DOUBLE (Flyball, 8RXD, EV 112.5 MPH)
|
Pitching: RHP Daysbel Hernandez
|
|
Batting: RHB Osiris Johnson
|
0-0: Ball 1-0: Ball 2-0: Ball 3-0: Called Strike 3-1: Base on Balls
|
Batting: RHB Xavier Fernandez
|
0-0: Ball Wild Pitch! Chris Shaw to third Osiris Johnson to second 1-0: Ball 2-0: Fly out, F7 (Flyball, 78D, EV 76.9 MPH) Runner from 3rd tags up, SCORES, throw by LF Osiris Johnson to third
|
Batting: RHB Erik González
|
0-0: SINGLE (Line Drive, 9S, EV 103.8 MPH) Osiris Johnson scores
|
Batting: RHB Casey Schmitt
|
0-0: Ball 1-0: Called Strike 1-1: Foul Ball, location: 3SF 1-2: Ball 2-2: Ball 3-2: Base on Balls Erik González to second
|
Batting: RHB Bryan Ramos
|
0-0: Called Strike 0-1: Fly out, F4 (Popup, 3D, EV 53.8 MPH)
|
Top of the 9th over - 2 runs, 2 hits, 0 errors, 2 left on base; Charlotte 8 - Mississippi 2 |
BOTTOM OF THE 9TH |
Mississippi Braves batting - Pitching for Charlotte Knights : LHP Ricardo Sanchez
|
Batting: RHB Kevin Pillar
|
0-0: Ball 1-0: Foul Ball, location: 2F 1-1: Fly out, F7 (Flyball, 78M, EV 97.5 MPH)
|
Batting: LHB Jesse Franklin V
|
0-0: Ball 1-0: Ground out 6-3 (Groundball, 4M, EV 97.5 MPH)
|
Pitching: RHP Jesse Scholtens
|
|
Batting: LHB Magneuris Sierra
|
0-0: Fly out, F8 (Flyball, 8RD, EV 101.3 MPH)
|
Bottom of the 9th over - 0 runs, 0 hits, 0 errors, 0 left on base; Charlotte 8 - Mississippi 2 |
|